AoeStats
← rockmices35

Nomad

503512653Analyzed
1v1 RM · 9d ago on Sep 1, 2026· 50m 26s· 2 players
Game mode
Random Map
Map size
126×126
Population
200
Speed
Normal
Resources
Standard
Victory
Conquest
Starting age
Dark Age
Ending age
Imperial Age
RankedLock teamsTeams togetherTeam positionsShared explorationLock speedFull tech treeHidden civsTurbo modeCheats
Victory
Defeat
🇺🇸 Armenians · United States
811
+15
🇳🇱 Malay · Netherlands
796
-15
rockmices35
8:43 Loom
18:37 Feudal Age
25:21 Castle Age
24:02 Forging
23:40 Arson
26:50 Squires
27:28 Iron Casting
34:43 Pikeman
37:00 Murder Holes
39:41 Treadmill Crane
42:02 Masonry
45:49 Husbandry
46:49 Scale Barding Armor
agentkkotov
13:42 Loom
17:04 Feudal Age
18:34 Wheelbarrow
17:47 Double-Bit Axe
17:52 Gold Mining
17:52 Stone Mining
18:14 Man-at-Arms
18:42 Horse Collar
19:29 Long Swordsman
25:50 Castle Age
26:53 Hand Cart
26:52 Bow Saw
27:17 Gold Shaft Mining
27:19 Medium Warships
37:16 Imperial Age
36:40 Fletching
36:50 Padded Archer Armor
37:02 Forging
36:52 Scale Mail Armor
36:57 Scale Barding Armor
38:49 Bodkin Arrow
39:09 Leather Archer Armor
38:46 Elite Composite Bowman
41:26 Conscription
43:26 Fishing Lines
44:27 Heavy Plow
47:40 Bracer
48:10 Ring Archer Armor
48:17 Iron Casting
48:02 Chain Barding Armor
Connection lost

Rejoining the realm…

Still unreachable

The connection could not be restored.

Session expired

The server has moved on; the page needs a fresh start.